 Dungeon Crawl Stone Soup version 0.22-a0-355-g201945f (webtiles) character file.

93 Amnesiac the Grave Robber (level 4, -5/27 HPs)
             Began as a Deep Elf Necromancer on Apr 17, 2018.
             Killed by miscasting Vampiric Draining (13 damage)
             ... on level 2 of the Dungeon.
             The game lasted 00:01:58 (1674 turns).

Amnesiac the Grave Robber (Deep Elf Necromancer)    Turns: 1674, Time: 00:01:58

Health: -5/27      AC:  3    Str:  5    XL:     4   Next: 37%
Magic:  5/10       EV: 11    Int: 21    God:
Gold:   57         SH:  4    Dex: 15    Spells: 2/9 levels left

rFire    . . .     SeeInvis .   f - +1 dagger (pain)
rCold    . . .     Gourm    .   j - +0 buckler
rNeg     . . .     Faith    .   e - +0 leather armour {rPois}
rPois    +         Spirit   .   (no helmet)
rElec    .         Reflect  .   (no cloak)
rCorr    +         Harm     .   (no gloves)
MR       .....                  (no boots)
Stlth    ++........             (no amulet)
HPRegen  0.09/turn              b - ring of resist corrosion
MPRegen  0.12/turn              (no ring)

@: very slightly contaminated
A: no striking features
a: no special abilities


You were on level 2 of the Dungeon.
You were not hungry.

You visited 1 branch of the dungeon, and saw 2 of its levels.

You collected 57 gold pieces.

Inventory:

Hand Weapons
 f - a +1 dagger of pain (weapon)
Missiles
 g - 3 curare-tipped needles
Armour
 a - a +0 robe
 e - a +0 leather armour of poison resistance (worn)
 j - a +0 buckler (worn)
Jewellery
 b - a ring of resist corrosion (left hand)
Scrolls
 d - a scroll of fog {!r, unknown}
 h - a scroll of blinking {!r, unknown}
Potions
 k - a potion of curing {!q, unknown}
Comestibles
 c - 2 rations
 i - 8 chunks of flesh


   Skills:
 - Level 2.6 Fighting
 - Level 2.6 Dodging
 - Level 2.4 Stealth
 + Level 1.7 Shields
 - Level 3.0 Spellcasting
 - Level 4.8 Necromancy


You had 2 spell levels left.
You knew the following spells:

 Your Spells              Type           Power        Failure   Level  Hunger
a - Pain                  Necr           ###.         4%          1    None
d - Vampiric Draining     Necr           ###.......   12%         3    ###....
r - Regeneration          Chrm/Necr      ##........   32%         3    ###....


Dungeon Overview and Level Annotations

Branches:
Dungeon (2/15)

Altars:


Message History

Found a stone staircase leading down. 2 gnolls come into view.
There are monsters nearby!
There are monsters nearby!
Casting: Pain (safe; 4% risk of failure)
Confirm with . or Enter, or press ? or * to list all spells.
Aiming: Pain (safe; 4% risk of failure)
Press: ? - help, Shift-Dir - straight line, f - gnoll
Aim: a gnoll, wielding a spear (resting, chance to defeat MR: 88%)
The gnoll shouts!
The gnoll writhes in agony!
You hear a shout!
The gnoll throws a throwing net.
The throwing net hits you.
You become entangled in the net!
The gnoll moves out of view.
You tear a large gash into the net.
You struggle against the net.
The gnoll barely misses you.
A gnoll comes into view. It is wielding a spear.
You rip the net and break free!
The gnoll hits you from afar with a spear.
A gnoll comes into view. It is wielding a spear.
Casting: Pain (safe; 4% risk of failure)
Confirm with . or Enter, or press ? or * to list all spells.
Aiming: Pain (safe; 4% risk of failure)
Press: ? - help, Shift-Dir - straight line, f/p - gnoll
Aim: a gnoll, wielding a spear (lightly wounded, chance to defeat MR: 88%)
The gnoll barely resists.
The gnoll closely misses you.
Casting: Pain (safe; 4% risk of failure)
Confirm with . or Enter, or press ? or * to list all spells.
Aiming: Pain (safe; 4% risk of failure)
Press: ? - help, Shift-Dir - straight line, f/p - gnoll
Aim: a gnoll, wielding a spear (lightly wounded, chance to defeat MR: 88%)
The gnoll writhes in agony!
You block the gnoll's attack.
Casting: Pain (safe; 4% risk of failure)
Confirm with . or Enter, or press ? or * to list all spells.
Aiming: Pain (safe; 4% risk of failure)
Press: ? - help, Shift-Dir - straight line, f/p - gnoll
Aim: a gnoll, wielding a spear (severely wounded, chance to defeat MR: 88%)
The gnoll writhes in agony!
The gnoll hits you from afar with a spear.
Casting: Pain (safe; 4% risk of failure)
Confirm with . or Enter, or press ? or * to list all spells.
Aiming: Pain (safe; 4% risk of failure)
Press: ? - help, Shift-Dir - straight line, f/p - gnoll
Aim: a gnoll, wielding a spear (almost dead, chance to defeat MR: 88%)
The gnoll writhes in agony!
You kill the gnoll!
The gnoll throws a throwing net.
The throwing net hits you.
You become entangled in the net!
You struggle against the net.
You struggle against the net.
You struggle against the net.
The gnoll hits you.
* * * LOW HITPOINT WARNING * * *
You rip the net and break free!
You block the gnoll's attack.
The gnoll hits you from afar with a spear.
* * * LOW HITPOINT WARNING * * *
Casting: Pain (safe; 4% risk of failure)
Confirm with . or Enter, or press ? or * to list all spells.
Aiming: Vampiric Draining (safe; 12% risk of failure)
Press: ? - help, Shift-Dir - straight line, f - gnoll
Aim: a gnoll You miscast Vampiric Draining.
You are very lightly contaminated with residual magic.
Pain shoots through your body!
You die...

#....# #.## #....# ###
#######..# #....# ...#
.........# ..######
...# .........##..#
...# ..........#..#
#####............#.#..#
#............#.#..# ##
#...........@#....# .#
#............g....# .#
#............##g..# .#
#............###..# .#
#............# #.>#
.####............# ##.#
.##.....##'####### #.#
.##.###.##.##########.#
......#.#..........##.#


You could see 2 gnolls.

Vanquished Creatures
  A hound (D:2)
  A gnoll (D:2)
  3 dart slugs (D:1)
  A leopard gecko (D:1)
  9 bats
  A giant cockroach (D:1)
  4 goblins (D:1)
  7 hobgoblins
  5 jackals
  A ball python (D:1)
  2 frilled lizards
  4 kobolds (D:1)
  7 rats
46 creatures vanquished.

Notes
Turn   | Place    | Note
-------+----------+-------------------------------------------
     0 | D:1      | Amnesiac the Deep Elf Necromancer began the quest for the Orb.
     0 | D:1      | Reached XP level 1. HP: 10/10 MP: 6/6
    90 | D:1      | Reached skill level 1 in Fighting
   188 | D:1      | Reached XP level 2. HP: 11/16 MP: 5/8
   850 | D:1      | Reached XP level 3. HP: 16/21 MP: 6/9
   855 | D:1      | Learned a level 3 spell: Vampiric Draining
   859 | D:1      | Learned a level 3 spell: Regeneration
  1575 | D:2      | Reached skill level 1 in Shields
  1575 | D:2      | Reached XP level 4. HP: 23/27 MP: 5/10
  1674 | D:2      | Killed by miscasting Vampiric Draining

Vault maps used:
D:1:      minmay_arrival_stair_chambers, minmay_quantized
D:2:      first_ration

Skill      XL: |  1  2  3 |
---------------+----------+-----
Fighting       | 1 2 |  2.6
Shields        | 1 |  1.7
Dodging        | |  2.6
Stealth        | |  2.4
Spellcasting   | |  3.0
Necromancy     | |  4.8

Action                   |  1- 3 |  4- 6 || total
-------------------------+-------+-------++-------
 Cast: Pain              |    72 |     9 ||    81
  Eat: Chunk             |     2 |       ||     2
Armor: Robe              |     4 |       ||     4
Dodge: Dodged            |     9 |     2 ||    11
Block: Buckler           |       |     2 ||     2

Table legend:
 A = Spawn XP
 B = Non-spawn XP
 C = Spawn XP percentage of total XP
 D = Spawn monster count
 E = Non-spawn monster count
 F = Spawn count percentage of total count
 G = Total turns spent on level
                    A         B        C        D         E        F      G
               +---------+---------+-------+---------+---------+-------+---------
         Total |       0 |     134 |   0.0 |       0 |      46 |   0.0 |  1674
               +---------+---------+-------+---------+---------+-------+---------
           D:1 |       0 |      61 |   0.0 |       0 |      35 |   0.0 |  1315
           D:2 |       0 |      73 |   0.0 |       0 |      11 |   0.0 |   359
               +---------+---------+-------+---------+---------+-------+---------
